 Dungeon Crawl Stone Soup version 0.19.0-11-g3fc08b3 (webtiles) character file.

17212 imganon the Destroyer (level 12, -17/74 HPs)
             Began as a Demonspawn Wizard on Nov 9, 2016.
             Was an Elder of Vehumet.
             Demolished by a death yak simulacrum (18 damage)
             ... in an ice cave.
             The game lasted 01:06:58 (16866 turns).

imganon the Destroyer (Demonspawn Wizard)          Turns: 16866, Time: 01:06:58

Health: -17/74     AC: 15    Str:  8    XL:     12   Next: 16%
Magic:  37/38      EV: 12    Int: 27    God:    Vehumet [****..]
Gold:   785        SH:  0    Dex: 11    Spells: 6 memorised, 4 levels left

rFire  . . .     SeeInvis .     p - staff of energy
rCold  . . .     Gourm    +     U - +1 robe {rN+}
rNeg   + . .     Faith    .     (no shield)
rPois  .         Spirit   .     (helmet unavailable)
rElec  .         Reflect  .     r - +2 cloak
rCorr  .         Harm     .     L - +2 pair of gloves
MR     .....                    o - +2 pair of boots
Stlth  ++........               i - amulet of the gourmand
                                u - ring of magical power
                                E - ring of magical power

@: very slightly contaminated, invisible
A: horns 3, thin metallic scales 2, clever 1, demonic guardian 1, rot immunity
a: Renounce Religion


You were in an ice cave.
You worshipped Vehumet.
Vehumet was greatly pleased with you.
You were very full.

You visited 3 branches of the dungeon, and saw 14 of its levels.
You also visited: Ice Cave.

You collected 785 gold pieces.

Inventory:

Armour
 o - a +2 pair of boots (worn)
 r - a +2 cloak (worn)
 L - a +2 pair of gloves (worn)
 P - a +0 robe of cold resistance
 U - a +1 robe of positive energy (worn)
Magical Staves
 p - an uncursed staff of energy (weapon)
Rods
 D - a +0 lightning rod (10/10)
   (You found it on level 5 of the Dungeon)
Jewellery
 i - an amulet of the gourmand (around neck)
 q - an uncursed ring of stealth
 u - a ring of magical power (right hand)
 v - a +4 amulet of reflection {unknown}
 E - a ring of magical power (left hand)
Wands
 b - a wand of lightning (9/15)
 w - a wand of digging (8/24)
 C - a wand of acid (12/15)
 G - a wand of paralysis (24/24)
 V - a wand of acid (5/15)
 X - a wand of iceblast (8/15)
Scrolls
 e - 7 scrolls of blinking
 j - 7 scrolls of remove curse
 l - a scroll of torment {unknown}
 t - a scroll of magic mapping
 y - a scroll of recharging
 B - 7 scrolls of teleportation
 H - 2 scrolls of fear {unknown}
 J - a scroll of fog {unknown}
 O - a scroll of enchant armour {unknown}
 W - 2 scrolls of amnesia
Potions
 a - a potion of invisibility
 f - 5 potions of flight
 h - 2 potions of resistance {unknown}
 k - a potion of cancellation
 n - a potion of magic
 s - 4 potions of curing
 x - 2 potions of mutation {unknown}
 A - a potion of ambrosia
 I - 2 potions of brilliance
 K - 2 potions of cure mutation
 R - 3 potions of agility
 S - 2 potions of might
Books
 c - a book of Minor Magic

   Spells                             Type                      Level
   a - Magic Dart                     Conjuration                  1
   b - Blink                          Translocation                2
   c - Call Imp                       Summoning                    2
   d - Repel Missiles                 Charms/Air                   2
   e - Slow                           Hexes                        2
   f - Conjure Flame                  Conjuration/Fire             3
   g - Mephitic Cloud                 Conjuration/Poison/Air       3
 M - a book of Necromancy

   Spells                             Type                      Level
   a - Pain                           Necromancy                   1
   b - Animate Skeleton               Necromancy                   1
   c - Vampiric Draining              Necromancy                   3
   d - Regeneration                   Charms/Necromancy            3
   e - Animate Dead                   Necromancy                   4
   f - Control Undead                 Necromancy                   4
 N - a book of Clouds

   Spells                             Type                      Level
   a - Mephitic Cloud                 Conjuration/Poison/Air       3
   b - Conjure Flame                  Conjuration/Fire             3
   c - Poisonous Cloud                Conjuration/Poison/Air       6
   d - Freezing Cloud                 Conjuration/Ice/Air          6
   e - Ring of Flames                 Charms/Fire                  7
Comestibles
 d - 10 bread rations
 g - 2 slices of pizza
 z - 12 royal jellies
 F - 7 fruits
 Q - a meat ration
 T - a beef jerky


   Skills:
 - Level 1.7 Dodging
 - Level 1.7 Stealth
 - Level 5.3 Spellcasting
 - Level 10.4 Conjurations
   Level 1.0 Summonings
 - Level 4.1 Translocations
 + Level 3.2 Fire Magic
 - Level 10.0 Ice Magic
 + Level 10.1 Air Magic


You had 4 spell levels left.
You knew the following spells:

 Your Spells              Type           Power        Failure   Level  Hunger
a - Magic Dart            Conj           ####         1%          1    None
b - Blink                 Tloc           N/A          1%          2    None
c - Mephitic Cloud        Conj/Pois/Air  #####...     1%          3    None
d - Sticky Flame          Conj/Fire      #####...     1%          4    None
e - Freezing Cloud        Conj/Ice/Air   ######....   4%          6    None
f - Flame Tongue          Conj/Fire      #####        1%          1    None


Dungeon Overview and Level Annotations

Branches:
Dungeon (11/15)            Temple (1/1) D:6            Lair (2/6) D:11
    Orc (0/2) D:9
  Swamp: Lair:2-4    Shoals: Lair:2-4     Snake: Lair:2-4    Spider: Lair:2-4

Altars:
Ashenzari
Cheibriados
Dithmenos
Elyvilon
Fedhas
Gozag
Hepliaklqana
Kikubaaqudgha
Makhleb
Nemelex Xobeh
Okawaru
Qazlal
Ru
Sif Muna
Trog
Uskayaw
Vehumet
Xom
Yredelemnul
Zin
The Shining One

Shops:
D:5 (   D:8 (

Annotations:
D:11 exclusion: orange crystal statue


Innate Abilities, Weirdness & Mutations

You have a pair of large horns on your head.
You are mostly covered in thin metallic scales. (AC +3)
A weak demonic guardian rushes to your aid.
You are immune to rotting.
Your mind is acute. (Int +2)


Message History

The wolf spider simulacrum burns!
The wolf spider simulacrum vapourises!
Vehumet accepts your kill.
You feel your power returning.
Your quasit bites the death yak simulacrum but does no damage.
Your quasit claws the death yak simulacrum but does no damage.
Your quasit claws the death yak simulacrum.
The death yak simulacrum gores your quasit.
The death yak simulacrum freezes your quasit!!
Your quasit resists.
Your quasit dies!
You are very lightly contaminated with residual magic.
Unknown command.
Unknown command.
You feel better.
Unknown command.
The death yak simulacrum gores you!
* * * LOW HITPOINT WARNING * * *
The death yak simulacrum freezes you!!
You die...

#### ##..##
##
##....##..##
#..........#
#.@ZZ.......
#.......##..
##....###
##..## ####


You could see a death yak simulacrum and a polar bear simulacrum.

Vanquished Creatures
  Harold (D:10)
  Erica (D:8)
  3 hill giants
  An ugly thing (D:11)
  A black mamba (Lair:1)
  3 spiny frogs
  A gargoyle (D:11)
  3 komodo dragons
  2 ice devils (Lair:2)
  3 trolls
  A hornet (D:8)
  A wolf spider simulacrum (IceCv)
  4 hippogriffs
  Eustachio (D:6)
  3 yaks (Lair:1)
  A wraith (D:10)
  A basilisk (Lair:2)
  A wyvern (Lair:1)
  A water moccasin (D:10)
  11 orc warriors
  2 sky beasts (D:10)
  A necrophage (D:8)
  3 ice beasts
  7 centaurs
  9 ogres
  An eye of draining (D:10)
  6 big kobolds
  Blork the orc (D:6)
  2 gnoll sergeants (D:9)
  10 bullfrogs
  3 scorpions
  9 killer bees
  4 wights (D:10)
  3 howler monkeys
  4 crimson imps
  2 centaur zombies
  2 quasits
  7 hounds
  7 jellies
  6 orc priests
  11 orc wizards
  9 worker ants
  5 iguanas
  A polar bear simulacrum (IceCv)
  2 hound skeletons
  A worker ant zombie (D:8)
  17 gnolls
  11 adders
  A howler monkey skeleton (D:4)
  4 shadow imps
  7 oozes
  A worm (D:4)
  A dart slug (D:1)
  5 leopard geckos
  59 orcs
  5 giant cockroaches
  8 goblins
  8 hobgoblins
  8 jackals
  7 quokkas
  5 ball pythons
  6 bats
  10 frilled lizards
  24 kobolds
  A leopard gecko skeleton (D:6)
  A leopard gecko zombie (D:8)
  7 rats
  5 plants (D:11)
363 creatures vanquished.

Vanquished Creatures (collateral kills)
  2 hill giants (D:11)
  The ghost of SaltIsReal the Ducker, a novice DEHu of Makhleb (D:5)
  A centaur zombie (D:9)
  A komodo dragon (Lair:1)
  A troll (D:9)
  A wyvern (D:8)
  2 yaks (Lair:1)
  An ogre (D:6)
  A centaur (D:4)
  A bullfrog (D:6)
  A scorpion (D:4)
  A killer bee (D:7)
  2 orc wizards
  A gnoll (D:4)
  2 orcs
19 creatures vanquished.

Vanquished Creatures (others)
  3 plants (D:11)
3 creatures vanquished.

Grand Total: 385 creatures vanquished

Notes
Turn   | Place    | Note
-------+----------+-------------------------------------------
     0 | D:1      | imganon the Demonspawn Wizard began the quest for the Orb.
     0 | D:1      | Reached XP level 1. HP: 13/13 MP: 4/4
   250 | D:1      | Gained mutation: You are partially covered in thin metallic scales. (AC +2) [demonic ancestry]
   250 | D:1      | Reached XP level 2. HP: 13/19 MP: 0/6
   821 | D:2      | Gained mutation: You have a pair of small horns on your head. [demonic ancestry]
   821 | D:2      | Reached XP level 3. HP: 16/24 MP: 1/7
   976 | D:2      | Learned a level 2 spell: Blink
   980 | D:2      | Learned a level 3 spell: Mephitic Cloud
  1809 | D:2      | Gained mutation: You are mostly covered in thin metallic scales. (AC +3) [demonic ancestry]
  1809 | D:2      | Reached XP level 4. HP: 30/30 MP: 1/9
  3142 | D:3      | Gained mutation: A weak demonic guardian rushes to your aid. [demonic ancestry]
  3142 | D:3      | Reached XP level 5. HP: 35/35 MP: 11/11
  3626 | D:4      | Reached XP level 6. HP: 41/41 MP: 12/12
  3849 | D:4      | Reached skill level 5 in Conjurations
  4269 | D:5      | Entered Level 5 of the Dungeon
  4269 | D:5      | Found Hamoa's Antique Weapon Boutique.
  4271 | D:5      | Noticed an orc warrior
  4276 | D:5      | Reached skill level 5 in Spellcasting
  4312 | D:4      | Gained mutation: You have a pair of horns on your head. [demonic ancestry]
  4312 | D:4      | Reached XP level 7. HP: 44/46 MP: 9/14
  4644 | D:5      | Reached skill level 1 in Translocations
  4942 | D:5      | Noticed SaltIsReal's ghost (novice DEHu)
  4954 | D:5      | Killed SaltIsReal's ghost
  4954 | D:5      | Reached XP level 8. HP: 43/52 MP: 5/16
  5336 | D:5      | Found an iron altar of Okawaru.
  5861 | D:6      | Noticed Blork the orc
  5867 | D:6      | Killed Blork the orc
  5977 | D:6      | Found a staircase to the Ecumenical Temple.
  5993 | Temple   | Entered the Ecumenical Temple
  6193 | Temple   | Became a worshipper of Vehumet
  6314 | D:6      | Noticed Eustachio
  6329 | D:6      | Killed Eustachio
  6425 | D:6      | Learned a level 3 spell: Conjure Flame
  6716 | D:6      | Found a glowing golden altar of the Shining One.
  6716 | D:6      | Found an ancient bone altar of Kikubaaqudgha.
  6721 | D:6      | Found a glowing silver altar of Zin.
  6723 | D:6      | Found a shadowy altar of Dithmenos.
  6725 | D:6      | Found a white marble altar of Elyvilon.
  6783 | D:7      | Reached XP level 9. HP: 54/57 MP: 17/17
  6882 | D:7      | Found a hide-covered altar of Uskayaw.
  6936 | D:7      | Reached skill level 10 in Conjurations
  7308 | D:7      | Learned a level 6 spell: Freezing Cloud
  7377 | D:8      | Reached skill level 1 in Ice Magic
  7377 | D:8      | Reached skill level 1 in Air Magic
  7464 | D:8      | Reached * piety under Vehumet
  7464 | D:8      | Offered knowledge of Flame Tongue by Vehumet.
  7541 | D:8      | Learned a level 1 spell: Flame Tongue
  7589 | D:8      | Noticed a troll
  7627 | D:8      | Killed a troll
  8214 | D:8      | Noticed Erica
  8232 | D:8      | Killed Erica
  8232 | D:8      | Gained mutation: You have a pair of large horns on your head. [demonic ancestry]
  8232 | D:8      | Reached XP level 10. HP: 51/63 MP: 18/18
  8633 | D:8      | Reached skill level 5 in Ice Magic
  8633 | D:8      | Reached skill level 5 in Air Magic
  8841 | D:8      | Found a shattered altar of Ashenzari.
  8863 | D:8      | Found Ufaest's Weapon Emporium.
  9210 | D:9      | Offered knowledge of Throw Flame by Vehumet.
  9296 | D:9      | Reached ** piety under Vehumet
 10179 | D:9      | Offered knowledge of Ignite Poison by Vehumet.
 10727 | D:9      | Reached *** piety under Vehumet
 11158 | D:9      | Found a staircase to the Orcish Mines.
 11354 | D:10     | Entered Level 10 of the Dungeon
 11356 | D:10     | Noticed a hill giant
 11365 | D:10     | Killed a hill giant
 11622 | D:10     | Gained mutation: You are immune to rotting. [demonic ancestry]
 11622 | D:10     | Reached XP level 11. HP: 66/68 MP: 19/19
 11681 | D:10     | Noticed Harold
 11699 | D:10     | Killed Harold
 11735 | D:10     | Noticed a hill giant
 12607 | D:10     | Offered knowledge of Olgreb's Toxic Radiance by Vehumet.
 13402 | D:10     | Killed a hill giant
 13987 | D:11     | Reached **** piety under Vehumet
 13996 | D:11     | Noticed a hill giant
 14218 | D:11     | Noticed a white ugly thing
 14219 | D:11     | Noticed an orange crystal statue
 14501 | D:11     | Noticed a hill giant
 14510 | D:11     | Killed a hill giant
 14647 | D:11     | Killed a white ugly thing
 14664 | D:11     | Killed a hill giant
 14805 | D:10     | Gained mutation: Your mind is acute. (Int +2) [potion of beneficial mutation]
 14989 | D:11     | Found a staircase to the Lair.
 15597 | Lair:1   | Entered Level 1 of the Lair of Beasts
 15654 | D:11     | Noticed a hill giant
 15678 | D:11     | Killed a hill giant
 15678 | D:11     | Offered knowledge of Sticky Flame by Vehumet.
 15684 | D:11     | Learned a level 4 spell: Sticky Flame
 15798 | Lair:1   | Reached skill level 1 in Fire Magic
 16179 | Lair:1   | Reached XP level 12. HP: 74/74 MP: 20/20
 16341 | Lair:1   | Reached skill level 10 in Ice Magic
 16511 | Lair:2   | Reached skill level 10 in Air Magic
 16799 | Lair:2   | Found a frozen archway.
 16855 | IceCv    | Entered an ice cave
 16863 | IceCv    | HP: 3/74 [wolf spider simulacrum (24)]
 16866 | IceCv    | HP: 1/74 [death yak simulacrum (8)]
 16866 | IceCv    | Demolished by a death yak simulacrum

Skill      XL: |  1  2  3  4  5  6  7  8  9 10 11 12 |
---------------+-------------------------------------+-----
Conjurations   | 2 3 4 5 7 9 10 | 10.4
Spellcasting   | 4 5 |  5.3
Translocations | 2 4 |  4.1
Ice Magic      | 4 7 9 10 | 10.0
Air Magic      | 4 7 9 10 | 10.1
Fire Magic     | 1 3 |  3.2
Dodging        | |  1.7
Stealth        | |  1.7
Summonings     | |  1.0

Action                   |  1- 3 |  4- 6 |  7- 9 | 10-12 || total
-------------------------+-------+-------+-------+-------++-------
Melee: Staff             |       |     5 |     1 |     1 ||     7
 Cast: Magic Dart        |    86 |   181 |   381 |   770 ||  1418
       Mephitic Cloud    |       |     4 |    20 |    74 ||    98
       Blink             |       |     1 |     6 |    13 ||    20
       Flame Tongue      |       |       |    12 |    89 ||   101
       Freezing Cloud    |       |       |       |    29 ||    29
       Sticky Flame      |       |       |       |    23 ||    23
  Use: Scroll            |       |       |       |    19 ||    19
       Potion            |       |       |       |     8 ||     8
 Stab: Sleeping          |       |       |       |     1 ||     1
  Eat: Chunk             |    15 |     7 |     8 |    29 ||    59
Armor: Robe              |     6 |    19 |    41 |   103 ||   169
Dodge: Dodged            |    14 |    31 |    71 |   125 ||   241
